 Dungeon Crawl Stone Soup version 0.22-a0-283-g1871b15 (webtiles) character file.

36710 b5mith the Fencer (level 13, -3/118 HPs)
             Began as a Minotaur Berserker on Mar 18, 2018.
             Was the Champion of Trog.
             Slain by a fire dragon (4 damage)
             ... on level 15 of the Dungeon.
             The game lasted 00:48:55 (15135 turns).

b5mith the Fencer (Minotaur Berserker)             Turns: 15135, Time: 00:48:55

Health: -3/118     AC: 21    Str: 30    XL:     13   Next: 54%
Magic:  4/4        EV: 18    Int:  4    God:    Trog [******]
Gold:   670        SH:  0    Dex: 15    Spells: 12/12 levels left

rFire    . . .     SeeInvis .   I - +1 great sword (antimagic)
rCold    . . .     Gourm    .   (shield currently unavailable)
rNeg     . . .     Faith    .   x - +6 ring mail of Uskeozom {-Cast +Blink rPois Str+4}
rPois    +         Spirit   .   P - +2 hat
rElec    .         Reflect  .   (no cloak)
rCorr    .         Harm     .   j - +1 pair of gloves
MR       +....     NoCast   +   v - +2 pair of boots
Stlth    +.........             B - amulet of magic regeneration
HPRegen  0.29/turn              a - +4 ring of dexterity
MPRegen  0.34/turn              g - ring of protection from magic

@: berserk cooldown, slowed, very slow
A: retaliatory headbutt, horns 2
a: Berserk, Trog's Hand, Brothers in Arms, Renounce Religion, Evoke Blink


You were on level 15 of the Dungeon.
You worshipped Trog.
Trog was exalted by your worship.
You were not hungry.

You visited 1 branch of the dungeon, and saw 15 of its levels.

You collected 910 gold pieces.
You spent 240 gold pieces at shops.

Inventory:

Hand Weapons
 u - a +4 arbalest of flaming
 I - a +1 antimagic great sword (weapon)
Missiles
 i - 7 tomahawks
 E - 6 poisoned javelins
 X - 4 silver tomahawks (quivered)
Armour
 j - a +1 pair of gloves (worn)
 v - a +2 pair of boots (worn)
 x - the +6 ring mail of Uskeozom (worn) {-Cast +Blink rPois Str+4}
   (You found it on level 4 of the Dungeon)

   It affects your strength (+4).
   It protects you from poison.
   It lets you blink.
   It prevents spellcasting.
 P - a +2 hat (worn)
 U - the +0 pair of gloves of Misanthropy {*Slow rPois Regen+}
   (You found it on level 11 of the Dungeon)

   It protects you from poison.
   It increases your rate of regeneration.
   It may slow you when you take damage.
Jewellery
 a - a +4 ring of dexterity (left hand)
 e - an uncursed ring of ice
 g - a ring of protection from magic (right hand)
 q - an uncursed ring of protection from fire
 B - an amulet of magic regeneration (around neck)
 H - an uncursed ring of stealth
 N - an uncursed ring of flight
Wands
 t - a wand of random effects (57)
 y - a wand of flame (19)
 C - a wand of scattershot (4)
 F - a wand of disintegration (14)
 J - a wand of iceblast (15)
 L - a wand of acid (2)
 Q - a wand of polymorph (29)
 Z - a wand of digging (17)
Scrolls
 h - 4 scrolls of teleportation
 k - 5 scrolls of identify {@r1}
 l - a scroll of immolation {unknown}
 n - 2 scrolls of fear
 s - 8 scrolls of remove curse {@r2}
 G - 3 scrolls of blinking {unknown}
 M - a scroll of fog {unknown}
 O - a scroll of noise {unknown}
 V - a scroll of holy word {unknown}
 W - a scroll of acquirement {unknown}
 Y - a scroll of enchant weapon {unknown}
Potions
 b - a potion of ambrosia {unknown}
 d - 2 potions of brilliance {unknown}
 f - 2 potions of haste
 m - 10 potions of curing {@q1}
 o - 4 potions of lignification
 p - a potion of magic {unknown}
 r - 2 potions of berserk rage
 w - 8 potions of heal wounds
 z - a potion of mutation {unknown}
 A - 2 potions of cancellation {unknown}
 D - 2 potions of flight {unknown}
 R - a potion of degeneration {unknown}
 S - a potion of might {unknown}
 T - a potion of agility {unknown}
Miscellaneous
 K - a box of beasts
Comestibles
 c - 19 rations


   Skills:
 - Level 12.0 Fighting
 * Level 19.4 Long Blades
 - Level 10.8 Armour
 - Level 10.0 Dodging


You had 12 spell levels left.
You didn't know any spells.

Dungeon Overview and Level Annotations

Branches:
Dungeon (15/15)            Temple (0/1) D:6            Lair (0/6) D:10
    Orc (0/2) D:9          Vaults (0/5) D:14
 Depths: D:15

Altars:
Ashenzari
Elyvilon
Fedhas
Hepliaklqana
Kikubaaqudgha
Nemelex Xobeh
Qazlal
Ru
Trog
Uskayaw
Vehumet
Xom
Yredelemnul
Zin
The Shining One

Shops:
D:8 (   D:9 [


Innate Abilities, Weirdness & Mutations

You reflexively headbutt those who attack you in melee.
You have a pair of horns on your head.


Message History

A fire dragon comes into view.
The fire dragon roars deafeningly!
The fire dragon barely misses you. You furiously retaliate!
You headbutt the fire dragon. The fire dragon barely misses you.
The fire dragon tramples you but does no damage.
The fire dragon breathes flames at you. The blast of flame hits you!
* * * LOW HITPOINT WARNING * * *
Unknown command.
You hit the fire dragon. You headbutt the fire dragon!
The fire dragon is lightly wounded.
The fire dragon misses you. You furiously retaliate!
You headbutt the fire dragon! The fire dragon misses you.
The fire dragon tramples you but does no damage.
You barely miss the fire dragon.
The fire dragon is moderately wounded.
The fire dragon bites you!
* * * LOW HITPOINT WARNING * * *
The fire dragon claws you.
You die...

.. ..# ##### #.# ##...
#.# ##..D# ##.# ##..8@##
##..####
.#......########......#
..........)..)........[.
..........).(.((.(.(####
..........))....(...#
....................#
....................#
....................#
....................#


You could see a fire dragon.

Vanquished Creatures
  Snorg (D:12)
  Fannar (D:12)
  A hydra (D:13)
  An ice dragon (D:15)
  5 centaur warriors
  8 vault guards
  The ghost of b5mith the Basher, a novice MiBe of Trog (D:8)
  5 two-headed ogres
  The ghost of Caerwyn the Cleaver, a novice DsBe of Trog (D:10)
  2 unseen horrors
  A deep elf mage (D:12)
  An ugly thing (D:12)
  A cyclops (D:14)
  A manticore (D:11)
  A centaur zombie (D:10)
  Maurice (D:12)
  The ghost of enarc13 the Digger, a novice BaEE of Cheibriados (D:5)
  A freezing wraith (D:15)
  An efreet (D:14)
  7 trolls
  3 slime creatures (D:14)
  Prince Ribbit (D:7)
  2 hippogriffs
  Sigmund (D:4)
  4 water elementals (D:11)
  A vampire (D:10)
  A wraith (D:12)
  Grum (D:8)
  A basilisk (D:13)
  17 yaks
  Eustachio (D:4)
  3 hungry ghosts
  Edmund (D:4)
  2 acid dragons (D:12)
  2 water moccasins
  2 soldier ants (D:10)
  A hell hound (D:10)
  An ice beast (D:8)
  A black bear (shapeshifter) (D:13)
  A black bear (D:8)
  7 orc warriors
  A necrophage (D:8)
  3 eyes of draining (D:6)
  4 sky beasts
  An eye of draining (shapeshifter) (D:13)
  2 wolves (D:8)
  8 ogres
  12 centaurs
  3 crocodiles (D:12)
  A big kobold (D:10)
  A gnoll sergeant (D:9)
  10 bullfrogs
  A wyvern skeleton (D:11)
  3 scorpions
  18 wights
  An electric eel (D:9)
  14 howler monkeys
  8 crimson imps
  2 quasits
  A bullfrog zombie (D:13)
  10 hounds
  3 jellies
  15 orc wizards
  4 centaur skeletons
  9 orc priests
  3 bullfrog skeletons
  Natasha (D:4)
  4 iguanas
  13 worker ants
  A worker ant zombie (D:10)
  12 gnolls
  13 adders
  3 shadow imps
  2 oozes
  5 adder skeletons
  2 worms
  2 dart slugs
  5 leopard geckos
  56 orcs
  2 ball pythons
  7 giant cockroaches
  9 hobgoblins
  13 jackals
  13 kobolds
  2 quokkas (D:4)
  2 bats
  8 frilled lizards
  A giant cockroach zombie (D:6)
  8 goblins
  2 leopard gecko zombies
  A quokka skeleton (D:9)
  10 rats
431 creatures vanquished.

Notes
Turn   | Place    | Note
-------+----------+-------------------------------------------
     0 | D:1      | b5mith the Minotaur Berserker began the quest for the Orb.
     0 | D:1      | Reached XP level 1. HP: 19/19 MP: 0/0
   398 | D:1      | Reached XP level 2. HP: 27/27 MP: 1/1
   672 | D:1      | Reached skill level 4 in Long Blades
  1065 | D:1      | Reached XP level 3. HP: 33/33 MP: 2/2
  1322 | D:2      | Reached ** piety under Trog
  1345 | D:2      | Found a faded altar of an unknown god.
  1360 | D:2      | Found a sparkling altar of Nemelex Xobeh.
  1437 | D:2      | Noticed a hippogriff
  1455 | D:2      | Killed a hippogriff
  1455 | D:2      | Reached skill level 5 in Long Blades
  1455 | D:2      | Reached XP level 4. HP: 37/41 MP: 3/3
  1455 | D:2      | Reached XP level 5. HP: 43/47 MP: 4/4
  1458 | D:2      | Reached skill level 5 in Fighting
  1914 | D:3      | Found a glowing silver altar of Zin.
  1975 | D:3      | Reached XP level 6. HP: 54/56 MP: 5/5
  2289 | D:3      | Found a blossoming altar of Fedhas.
  2289 | D:3      | Found a radiant altar of Vehumet.
  2293 | D:3      | Found a hide-covered altar of Uskayaw.
  2392 | D:3      | Reached *** piety under Trog
  2619 | D:4      | Found a white marble altar of Elyvilon.
  2639 | D:4      | Got a blackened ring mail
  2656 | D:4      | Identified the +6 ring mail of Uskeozom {-Cast +Blink rPois Str+4} (You found it on level 4 of the Dungeon)
  2713 | D:4      | Noticed Eustachio
  2743 | D:4      | Killed Eustachio
  2743 | D:4      | Reached skill level 5 in Armour
  2743 | D:4      | Reached XP level 7. HP: 51/62 MP: 6/6
  3028 | D:4      | Reached skill level 6 in Long Blades
  3070 | D:4      | Noticed Sigmund
  3079 | D:4      | Killed Sigmund
  3079 | D:4      | Reached skill level 5 in Dodging
  3336 | D:4      | Noticed Natasha
  3339 | D:4      | Killed Natasha
  3349 | D:4      | Noticed Edmund
  3357 | D:4      | Killed Edmund
  3469 | D:5      | Entered Level 5 of the Dungeon
  3474 | D:5      | Reached XP level 8. HP: 67/71 MP: 7/7
  3517 | D:5      | Reached **** piety under Trog
  3578 | D:5      | Noticed enarc13's ghost (novice BaEE)
  3580 | D:5      | Found an ancient bone altar of Kikubaaqudgha.
  3599 | D:5      | Killed enarc13's ghost
  3599 | D:5      | Reached skill level 7 in Long Blades
  3831 | D:5      | Found a shimmering altar of Xom.
  3832 | D:5      | Found a shimmering altar of Xom.
  3833 | D:5      | Found a shimmering altar of Xom.
  3834 | D:5      | Found a shimmering altar of Xom.
  3834 | D:5      | Found a shimmering altar of Xom.
  3835 | D:5      | Found a shimmering altar of Xom.
  3916 | D:5      | Found a sacrificial altar of Ru.
  4310 | D:6      | Reached XP level 9. HP: 78/81 MP: 0/8
  4321 | D:6      | Reached skill level 8 in Long Blades
  4499 | D:6      | Found a basalt altar of Yredelemnul.
  4698 | D:6      | Found a bloodstained altar of Trog.
  4866 | D:6      | Found a staircase to the Ecumenical Temple.
  4929 | D:7      | Found a glowing golden altar of the Shining One.
  5295 | D:7      | Noticed Prince Ribbit
  5312 | D:7      | Killed Prince Ribbit
  5312 | D:7      | Reached skill level 9 in Long Blades
  5421 | D:7      | Found a hazy altar of Hepliaklqana.
  5433 | D:7      | Reached ***** piety under Trog
  5566 | D:7      | Found a shattered altar of Ashenzari.
  5878 | D:8      | Reached XP level 10. HP: 91/91 MP: 9/9
  5895 | D:8      | Noticed a two-headed ogre
  5919 | D:8      | Killed a two-headed ogre
  6176 | D:8      | Found Nuwk's Antique Weapon Shoppe.
  6209 | D:8      | Received a gift from Trog
  6210 | D:8      | Noticed Grum
  6224 | D:8      | Killed Grum
  6230 | D:8      | Reached skill level 10 in Fighting
  6230 | D:8      | Reached skill level 10 in Long Blades
  6420 | D:8      | Noticed b5mith's ghost (novice MiBe)
  6433 | D:8      | Killed b5mith's ghost
  7132 | D:9      | Reached skill level 10 in Armour
  7199 | D:10     | Entered Level 10 of the Dungeon
  7353 | D:9      | Reached skill level 11 in Long Blades
  7603 | D:9      | Reached XP level 11. HP: 63/101 MP: 3/10
  7822 | D:9      | Found a staircase to the Orcish Mines.
  8054 | D:9      | Found a stormy altar of Qazlal.
  8097 | D:9      | Received a gift from Trog
  8203 | D:9      | Found Veidif's Armour Boutique.
  8220 | D:9      | Bought a +2 hat for 240 gold pieces
  8294 | D:10     | Noticed a two-headed ogre
  8302 | D:10     | Killed a two-headed ogre
  8574 | D:10     | Found a blossoming altar of Fedhas.
  8599 | D:10     | Reached skill level 12 in Long Blades
  8623 | D:10     | Reached skill level 10 in Dodging
  8754 | D:10     | Noticed Caerwyn's ghost (novice DsBe)
  8770 | D:10     | Killed Caerwyn's ghost
  8777 | D:10     | Found a staircase to the Lair.
  9546 | D:11     | Reached skill level 13 in Long Blades
  9791 | D:11     | Got a pair of faintly humming gloves
  9802 | D:11     | Identified the +0 pair of gloves of Misanthropy {*Slow rPois Regen+} (You found it on level 11 of the Dungeon)
 10469 | D:12     | Reached XP level 12. HP: 105/112 MP: 3/11
 10525 | D:12     | Reached ****** piety under Trog
 10555 | D:12     | Reached skill level 14 in Long Blades
 10693 | D:12     | Noticed Maurice
 10704 | D:12     | Killed Maurice
 10941 | D:12     | Noticed Snorg
 10946 | D:12     | Noticed Fannar
 10946 | D:12     | Killed Snorg
 10958 | D:12     | Killed Fannar
 10958 | D:12     | Reached skill level 15 in Long Blades
 12226 | D:13     | Noticed a five-headed hydra
 12237 | D:13     | Killed a nine-headed hydra
 12806 | D:13     | Reached skill level 16 in Long Blades
 12916 | D:13     | Noticed a two-headed ogre
 12925 | D:13     | Killed a two-headed ogre
 13175 | D:14     | Noticed a two-headed ogre
 13184 | D:14     | Killed a two-headed ogre
 13313 | D:14     | Reached skill level 17 in Long Blades
 13349 | D:14     | Noticed a two-headed ogre
 13357 | D:14     | Killed a two-headed ogre
 13470 | D:14     | Noticed a centaur warrior
 13481 | D:14     | Killed a centaur warrior
 13584 | D:14     | Noticed a vault guard
 13584 | D:14     | Noticed a vault guard
 13585 | D:14     | Noticed a vault guard
 13601 | D:14     | Killed a vault guard
 13601 | D:14     | Reached XP level 13. HP: 118/118 MP: 4/12
 13642 | D:15     | Entered Level 15 of the Dungeon
 13667 | D:15     | Reached skill level 18 in Long Blades
 14049 | D:14     | Received a gift from Trog
 14323 | D:14     | Found a gate to the Vaults.
 14557 | D:14     | Reached skill level 19 in Long Blades
 15132 | D:15     | Noticed a fire dragon
 15135 | D:15     | HP: 1/118 [fire dragon (12)]
 15135 | D:15     | Slain by a fire dragon

Vault maps used:
D:1:      minmay_arrival_three_doors
D:2:      nicolae_overflow_hidden_temple, chequers_ecumenical_altar_twisty,
          uniq_crazy_yiuf_cottage
D:3:      gammafunk_temple_overflow_claw, overflow_temple_1_default
D:4:      mumra_celtic_spiral_tile, elyvilon_altar_5, first_ration, uniq_edmund,
          uniq_sigmund, uniq_natasha, uniq_eustachio
D:5:      xom_redecorated, lemuel_doored_altar, nicolae_ru_path_of_blood
D:6:      trog_eyes_of_draining, yredelemnul_altar_generic,
          minmay_temple_entry_nine_rooms
D:7:      nicolae_tso_carved_into_rock, lemuel_round_altar, basic_altar,
          uniq_prince_ribbit1
D:8:      serial_shops, kennysheep_little_box, uniq_grum
D:9:      nicolae_qazlal_general_emergency, david_orc_4, serial_gnoll_camp,
          gnoll_camp_mini_shop, grums_kennel
D:10:     minmay_lair_entry_lava, basic_altar, hangedman_pestilent_swarm
D:11:     nicolae_underground_beach
D:12:     uniq_fannar, uniq_snorg, uniq_maurice
D:14:     erik_vaults_2, grunt_decor_cap
D:15:     grunt_enter_depths_hoard, minmay_misc_feat_roman,
          hangedman_decor_opposing

Skill      XL: |  1  2  3  4  5  6  7  8  9 10 11 12 13 |
---------------+----------------------------------------+-----
Fighting       | 4 5 6 7 9 10 12 | 12.0
Long Blades    | 4 5 6 7 9 11 13 17 19 | 19.4
Armour         | 3 4 5 6 7 9 10 | 10.8
Dodging        | 3 4 5 6 8 9 10 | 10.0

Action                   |  1- 3 |  4- 6 |  7- 9 | 10-12 | 13-15 || total
-------------------------+-------+-------+-------+-------+-------++-------
Melee: Falchion          |    98 |   130 |   267 |    66 |       ||   561
       Headbutt          |    23 |    25 |    79 |   149 |    33 ||   309
       Great sword       |       |       |       |   487 |    92 ||   579
Throw: Tomahawk          |       |       |       |    28 |       ||    28
       Javelin           |       |       |       |     1 |       ||     1
Invok: Berserk           |     1 |       |       |     6 |     3 ||    10
 Abil: Evoke Blink       |       |       |       |       |     1 ||     1
Evoke: Wand              |       |       |       |       |     1 ||     1
  Use: Scroll            |       |       |    10 |     5 |       ||    15
       Potion            |       |       |       |       |     1 ||     1
 Stab: Distracted        |       |       |       |     1 |       ||     1
       Sleeping          |       |       |       |     1 |       ||     1
  Eat: Chunk             |     2 |     5 |    12 |    20 |     5 ||    44
       Ration            |       |       |       |     3 |     1 ||     4
Armor: Animal skin       |     7 |       |       |       |       ||     7
       Chain mail        |    47 |    39 |       |       |       ||    86
       Plate armour      |       |    19 |       |       |       ||    19
       Ring mail         |       |    12 |    76 |   227 |    38 ||   353
Dodge: Dodged            |    51 |    60 |   141 |   430 |    93 ||   775
       Rpst.: Falchion   |    14 |    12 |    26 |     8 |       ||    60
       Great sword       |       |       |       |    89 |    15 ||   104

Table legend:
 A = Spawn XP
 B = Non-spawn XP
 C = Spawn XP percentage of total XP
 D = Spawn monster count
 E = Non-spawn monster count
 F = Spawn count percentage of total count
 G = Total turns spent on level
                    A         B        C        D         E        F      G
               +---------+---------+-------+---------+---------+-------+---------
         Total |       0 |   52443 |   0.0 |       0 |     431 |   0.0 | 15135
               +---------+---------+-------+---------+---------+-------+---------
           D:1 |       0 |      41 |   0.0 |       0 |      24 |   0.0 |  1215
           D:2 |       0 |     318 |   0.0 |       0 |      23 |   0.0 |   699
           D:3 |       0 |     139 |   0.0 |       0 |      25 |   0.0 |   557
           D:4 |       0 |     906 |   0.0 |       0 |      26 |   0.0 |   998
           D:5 |       0 |     695 |   0.0 |       0 |      15 |   0.0 |   706
           D:6 |       0 |    1280 |   0.0 |       0 |      22 |   0.0 |   715
           D:7 |       0 |    1920 |   0.0 |       0 |      30 |   0.0 |   957
           D:8 |       0 |    3859 |   0.0 |       0 |      45 |   0.0 |  1281
           D:9 |       0 |    3789 |   0.0 |       0 |      60 |   0.0 |  1078
          D:10 |       0 |    4441 |   0.0 |       0 |      34 |   0.0 |  1020
          D:11 |       0 |    4272 |   0.0 |       0 |      33 |   0.0 |  1018
          D:12 |       0 |    5941 |   0.0 |       0 |      25 |   0.0 |  1910
          D:13 |       0 |    4992 |   0.0 |       0 |      30 |   0.0 |   942
          D:14 |       0 |   14322 |   0.0 |       0 |      29 |   0.0 |  1569
          D:15 |       0 |    5528 |   0.0 |       0 |      10 |   0.0 |   470
               +---------+---------+-------+---------+---------+-------+---------
